 Dungeon Crawl Stone Soup version 0.31.0-9-g3a7656b989 (webtiles) character file.

Game seed: 8526665686884682450

169 qw the Ducker (level 5, 0/25 HPs)
             Began as a Spriggan Hunter on Feb 2, 2024.
             Was an Initiate of Okawaru.
             Slain by a gnoll
             ... wielding a +0 whip
             ... led by a gnoll bouda
              (2 damage)
             ... on level 4 of the Dungeon.
             The game lasted 00:00:09 (2710 turns).

qw the Ducker (Spriggan Hunter)                     Turns: 2710, Time: 00:00:09

Health: 0/25       AC:  2    Str:  7    XL:     5   Next: 25%
Magic:  5/5        EV: 23    Int: 10    God:    Okawaru [......]
Gold:   249        SH:  0    Dex: 27    Spells: 4/4 levels left

rFire   . . .        a - +0 shortbow
rCold   . . .        (shield currently unavailable)
rNeg    . . .        c - +0 robe
rPois   +            (helmet restricted)
rElec   .            (no cloak)
rCorr   .            (gloves unavailable)
SInv    +            (boots unavailable)
Will    .....        (no amulet)
Stlth   +++          d - +6 ring of dexterity
HPRegen 0.24/turn    e - ring of poison resistance
MPRegen 0.09/turn

%: no passive effects
@: very quick
A: very small, no large weapons, unfitting armour, see invisible, speed 3, low
MP 1, sturdy frame 1
a: Renounce Religion


You were on level 4 of the Dungeon.
You worshipped Okawaru.
Okawaru was noncommittal.
You visited 1 branch of the dungeon, and saw 4 of its levels.

You collected 249 gold pieces.


Innate Abilities, Weirdness & Mutations

You are very small and have problems with some larger weapons.
You are too small for most types of armour.
You have supernaturally acute eyesight. (SInv)
You cover ground extremely quickly. (Speed+++)
Your magical capacity is low. (-10% MP)
Your movements are slightly less encumbered by armour. (ER -2)


   Skills:
 - Level 1.5 Fighting
 - Level 5.2 Ranged Weapons
 + Level 5.8 Dodging
 - Level 1.5 Stealth


You had 4 spell levels left.
You didn't know any spells.
Your spell library was empty.

Inventory:

Hand Weapons
 a - a +0 shortbow (weapon)
Armour
 c - a +0 robe (worn)
Jewellery
 d - a +6 ring of dexterity (left hand)
 e - a ring of poison resistance (right hand)
Scrolls
 i - a scroll of revelation {unknown}
Potions
 b - a potion of attraction {unknown}
 f - a potion of ambrosia {unknown}
 g - a potion of cancellation {unknown}
 h - 2 potions of curing

Dungeon Overview and Level Annotations

Branches:
Dungeon (4/15)
 Temple: D:4-7

Altars:
Okawaru
Ru


Message History

A gnoll comes into view. It is wielding a +0 club.
You shoot an arrow. The gnoll shouts!
The arrow hits the gnoll but does no damage.
You shoot an arrow.
The arrow hits the gnoll but does no damage.
You shoot an arrow. The arrow barely misses the gnoll.
The gnoll completely misses you.
You shoot an arrow.
The arrow hits the gnoll but does no damage.
A gnoll bouda comes into view. It is wielding a +0 club.
The gnoll hits you from afar with a +0 spear.
You shoot an arrow. The arrow barely misses the gnoll.
The arrow hits the gnoll but does no damage.
The gnoll hits you from afar with a +0 spear!
The gnoll completely misses you.
The gnoll hits you from afar with a +0 spear. x2
The gnoll closely misses you. The gnoll misses you.
Enter note:
Enter note:
2703 ||| RETREEEEATING.
Enter note:
2704 ||| RETREEEEATING.
The gnoll bouda barks out a call to the hunt!
The gnolls pick up the pace!
Enter note:
2705 ||| RETREEEEATING.
Enter note:
2706 ||| RETREEEEATING.
You shoot an arrow. The arrow closely misses the gnoll.
Enter note:
Enter note:
2708 ||| RETREEEEATING.
The gnoll attacks as it pursues you! The gnoll completely misses you.
Enter note:
2709 ||| RETREEEEATING.
You shoot an arrow. The arrow hits the gnoll.
The gnoll is heavily wounded.
The gnoll hits you with a +0 whip.
You die...

..gg ########g#########
#.................
.#.....>.........
#.....g#..####.##
#......#.....#.. ..
#.....g#...#.#.#...
#...##g#.....#.#... #...
#@#.#...(.....
######+#.......# .....
#......##.....#......
#......+....#.#......
#......##+#.#.#......
#.....>#......#......
###......#...#......#
#........#........#...
#........####.....#####.


You could see a gnoll bouda and 3 gnolls.

Vanquished Creatures
  A bombardier beetle (D:3)
  An iguana (D:4)
  4 adders
  2 dart slugs (D:1)
  4 ribbon worms (D:3)
  An orc (D:3)
  5 bats
  4 endoplasms
  3 giant cockroaches
  4 goblins
  9 hobgoblins
  4 quokkas (D:3)
  6 ball pythons
  14 frilled lizards
  4 kobolds
  2 rats
68 creatures vanquished.

Notes
Turn   | Place    | Note
-------+----------+-------------------------------------------
     0 | D:1      | qw the Spriggan Hunter began the quest for the Orb.
     0 | D:1      | Reached XP level 1. HP: 10/10 MP: 2/2
     0 | D:1      | 0 ||| qw: Version: 0.3-a-155-g5e7d8dd
     0 | D:1      | 0 ||| qw: Game counter: 640
     0 | D:1      | 0 ||| qw: Melee chars always use a shield: true
     0 | D:1      | 0 ||| qw: God list: Okawaru
     0 | D:1      | 0 ||| qw: Allow faded altars: false
     0 | D:1      | 0 ||| qw: Do Orc after clearing Dungeon:15 true
     0 | D:1      | 0 ||| qw: Do second Lair branch before Depths: true
     0 | D:1      | 0 ||| qw: Lair rune preference: random
     0 | D:1      | 0 ||| qw: Goals: Normal
     0 | D:1      | 0 ||| PLANNING D:1-11
    31 | D:1      | Reached skill level 3 in Dodging
   228 | D:1      | Reached XP level 2. HP: 14/14 MP: 3/3
   778 | D:1      | 778 ||| READING 2 scrolls labelled DIAXKI ZOZI.
   779 | D:1      | 779 ||| READING scroll labelled NAMNUT ZANETH.
   780 | D:1      | 780 ||| READING scroll labelled PUSOLU QEYF.
   781 | D:1      | 781 ||| DROPPING scroll of butterflies.
   782 | D:1      | 782 ||| DROPPING scroll of blinking.
   886 | D:2      | Reached XP level 3. HP: 18/18 MP: 4/4
  1681 | D:2      | 1681 ||| UPGRADING to +6 ring of dexterity.
  1682 | D:2      | 1682 ||| UPGRADING to ring of poison resistance.
  1683 | D:2      | 1683 ||| READING scroll labelled VUEZXI UCAWOYPH.
  1683 | D:2      | 1683 ||| IDENTIFYING sedimented puce potion
  1684 | D:2      | 1684 ||| DRINKING 2 bubbling yellow potions.
  1684 | D:2      | Gained mutation: You are frail. (-10% HP) [potion of
                  | mutation]
  1684 | D:2      | Gained mutation: Your mind is acute. (Int +4, Str/Dex -1)
                  | [potion of mutation]
  1685 | D:2      | 1685 ||| DRINKING potion of mutation.
  1685 | D:2      | Lost mutation: You are frail. (-10% HP) [potion of
                  | mutation]
  1685 | D:2      | Lost mutation: Your mind is acute. (Int +4, Str/Dex -1)
                  | [potion of mutation]
  1685 | D:2      | Gained mutation: Your movements are slightly less
                  | encumbered by armour. (ER -2) [potion of mutation]
  1685 | D:2      | Gained mutation: Your magical capacity is low. (-10% MP)
                  | [potion of mutation]
  1691 | D:2      | 1691 ||| DROPPING potion of brilliance.
  1878 | D:3      | Reached XP level 4. HP: 22/22 MP: 4/4
  1960 | D:3      | Found an iron altar of Okawaru.
  1961 | D:3      | 1961 ||| PLANNING OKAWARU WORSHIP
  1976 | D:3      | Became a worshipper of Warmaster Okawaru
  1977 | D:3      | 1977 ||| PLANNING D:1-11
  2053 | D:3      | Found a sacrificial altar of Ru.
  2528 | D:3      | 2528 ||| READING scroll labelled APLEID PINUBEA.
  2629 | D:3      | 2629 ||| DRINKING 3 glowing golden potions.
  2650 | D:4      | Reached XP level 5. HP: 25/25 MP: 5/5
  2702 | D:4      | HP: 1/25 [gnoll/+0 spear[a gnoll bouda] (6)]
  2703 | D:4      | 2703 ||| RETREEEEATING.
  2704 | D:4      | 2704 ||| RETREEEEATING.
  2705 | D:4      | 2705 ||| RETREEEEATING.
  2706 | D:4      | 2706 ||| RETREEEEATING.
  2708 | D:4      | 2708 ||| RETREEEEATING.
  2709 | D:4      | 2709 ||| RETREEEEATING.
  2710 | D:4      | Slain by a gnoll

Levels and vault maps discovered:
D:1:      psy_arrival_radial01, layout_basic, st_stairs_13
D:2:      minmay_diamond_boxcup, layout_loops_corners
D:3:      layout_loops_ring, nicolae_ru_sacrificial_ziggurat,
          mainiacjoe_overflow_brackets, minmay_lizard_king
D:4:      layout_basic, temple_statues, minmay_stone_trees_medium,
          hangedman_decor_opposing

Skill      XL: |  1  2  3  4 |
---------------+-------------+-----
Dodging        | 3 4 5 |  5.8
Ranged Weapons | 5 |  5.2
Fighting       | |  1.5
Stealth        | |  1.5

Action                     |  1- 3 |  4- 6 || total
---------------------------+-------+-------++-------
   Fire: Shortbow          |   107 |    88 ||   195
    Use: Scroll            |     4 |     1 ||     5
         Potion            |     2 |     1 ||     3
 Armour: Robe              |     8 |    11 ||    19
  Dodge: Dodged            |    46 |    26 ||    72

Table legend:
 A = Non-vault XP
 B = Vault XP
 C = Vault XP percentage of total XP
 D = Non-vault monster count
 E = Vault monster count
 F = Vault count percentage of total count
                 A         B        C        D         E       F
            +---------+---------+-------+---------+---------+-------
      Total |     214 |      28 |  11.6 |      48 |      20 |  29.4
            +---------+---------+-------+---------+---------+-------
        D:1 |      26 |       3 |  10.3 |      14 |       2 |  12.5
        D:2 |      30 |      16 |  34.8 |      11 |       9 |  45.0
        D:3 |     110 |       9 |   7.6 |      21 |       9 |  30.0
        D:4 |      48 |       0 |   0.0 |       2 |       0 |   0.0
            +---------+---------+-------+---------+---------+-------
